Map: Catallena LE (Void)

Players

Juxtapose - Winner!

  • Race: Zerg Zerg
  • League: Silver
  • Spawn Location: 12:00

GoldenGoose

  • Race: Protoss Protoss
  • League: Silver
  • Spawn Location: 9:00

VOD

https://youtu.be/HL_6gTHi4QU

Description

I was surprised my last game, a loss, promoted me into Silver League 1, but there it is, and now on to this match!

This is my best played Ranked Zerg game to date. I was pleased with my macro as well as my Creep spread, and I anticipated Colossi so it's a good thing I got those Corrupters. I also got to enjoy Lurkers again!

Of course there's lots of things I could have done better, including the items I'm proud of above, but this was still a good game and a step in the right direction for me.

Time

  • Played on: July 30, 2017, 8:40 p.m.
  • Length: 11:31
Show
View Real Time Build Order
Export as new Build Order

Juxtapose Zerg - Winner!

Build Orders: Hatch First 

Get SALT Encoding   

  12  0:01  Drone  
  13  0:13  Overlord  
  13  0:20  Drone  
  14  0:33  Drone x2  
  16  0:42  Overlord  
  16  1:02  Drone  
  16  1:03  Hatchery  
  16  1:09  Drone  
  16  1:10  Drone  
  18  1:25  Spawning Pool  
  18  1:28  Drone  
  18  1:31  Extractor  
  17  1:33  Drone  
  18  1:41  Drone  
  19  1:50  Drone  
  19  1:53  Extractor  
  19  2:07  Drone  
  20  2:15  Queen  
  20  2:17  Zergling x2  
  20  2:18  Zergling x2  
  24  2:39  Zergling x8  
  24  2:41  Metabolic Boost  
  28  2:44  Drone  
  29  2:54  Queen  
  29  2:56  Drone  
  32  3:04  Spore Crawler  
  31  3:08  Drone  
  32  3:14  Spore Crawler  
  32  3:15  Overlord  
  31  3:23  Drone x2  
  33  3:29  Queen  
  33  3:32  Drone  
  36  3:35  Drone  
  36  3:36  Drone  
  38  3:45  Overlord  
  38  3:46  Drone  
  39  3:49  Drone  
  40  3:57  Queen  
  42  4:05  Drone x2  
  44  4:18  Drone x2  
  44  4:19  Drone  
  44  4:24  Roach Warren  
  46  4:25  Drone  
  46  4:26  Zergling x2  
  46  4:27  Zergling x4  
  50  4:33  Drone  
  51  4:39  Lair  
  49  5:04  Zergling x10  
  49  5:05  Zergling x2  
  49  5:06  Zergling x2  
  51  5:12  Zergling x6  
  52  5:17  Overlord x2  
  50  5:42  Hydralisk Den  
  49  5:51  Evolution Chamber  
  48  6:01  Drone x2  
  48  6:02  Drone x4  
  54  6:05  Extractor  
  54  6:07  Extractor  
  52  6:13  Hydralisk x3  
  52  6:14  Hydralisk x4  
  52  6:18  Muscular Augments  
  66  6:20  Zerg Missile Weapons Level 1  
  66  6:35  Drone  
  67  6:40  Overlord  
  67  6:41  Overlord x3  
  67  6:55  Glial Reconstitution  
  67  6:58  Pneumatized Carapace  
  67  7:00  Hatchery  
  66  7:01  Burrow  
  66  7:03  Overseer x2  
  66  7:11  Hydralisk x2  
  66  7:12  Hydralisk x3  
  76  7:16  Overlord  
  76  7:41  Drone x5  
  76  7:42  Hydralisk x3  
  87  8:05  Hydralisk x2  
  87  8:06  Hydralisk x4  
  99  8:24  Spire  
  92  8:37  Lurker Den  
  92  8:42  Queen, Drone x3  
  97  8:58  Overlord x3  
  97  8:59  Zergling x6  
  97  9:02  Zergling x6  
  103  9:03  Zergling x6  
  103  9:07  Drone  
  103  9:08  Drone  
  108  9:16  Spore Crawler  
  107  9:45  Corruptor x3  
  111  9:46  Hydralisk x6  
  111  9:47  Hydralisk  
  127  10:00  Drone x2  
  129  10:15  Hydralisk x3  
  129  10:16  Infestation Pit  
  134  10:21  Lurker x2  
  113  10:46  Zergling x14  
  113  10:47  Zergling x14  
  113  10:48  Zergling x10  
Show
View Real Time Build Order
Export as new Build Order

GoldenGoose Protoss 

Build Orders: 1 Gate Expand, Double Forge 

Get SALT Encoding   

  12  0:03  Probe (Chrono Boost)  
  13  0:16  Pylon  
  13  0:21  Probe (Chrono Boost)  
  14  0:37  Gateway  
  14  0:53  Probe (Chrono Boost)  
  15  1:07  Probe (Chrono Boost)  
  16  1:17  Probe (Chrono Boost)  
  17  1:20  Nexus  
  17  1:31  Cybernetics Core  
  17  1:39  Pylon  
  17  1:44  Probe (Chrono Boost)  
  18  2:10  Assimilator  
  18  2:13  Forge  
  18  2:23  Gateway  
  18  2:33  Probe x2 (Chrono Boost)  
  20  2:42  Zealot (Chrono Boost), Probe (Chrono Boost)  
  20  2:43  Probe  
  24  2:53  Probe (Chrono Boost)  
  24  2:56  Probe (Chrono Boost)  
  26  2:59  Pylon  
  26  3:05  Assimilator  
  26  3:06  Zealot (Chrono Boost)  
  26  3:07  Probe (Chrono Boost)  
  29  3:13  Pylon  
  29  3:18  Photon Cannon  
  29  3:23  Photon Cannon  
  29  3:27  Photon Cannon  
  29  3:29  Zealot (Chrono Boost)  
  31  3:40  Probe x2  
  33  3:43  Warp Gate (Chrono Boost)  
  33  3:52  Probe  
  33  3:54  Probe  
  35  3:56  Zealot  
  35  3:57  Zealot  
  39  4:04  Mothership Core  
  39  4:06  Probe  
  39  4:07  Assimilator  
  42  4:18  Probe, Pylon  
  42  4:20  Protoss Ground Weapons Level 1 (Chrono Boost)  
  42  4:23  Zealot  
  45  4:35  Probe x2  
  47  4:39  Assimilator  
  47  4:47  Probe  
  47  4:51  Forge  
  48  4:54  Robotics Facility  
  46  5:08  Stalker  
  46  5:12  Stalker  
  50  5:26  Probe x2  
  44  5:37  Immortal (Chrono Boost)  
  44  5:38  Probe  
  44  5:40  Zealot (Chrono Boost)  
  44  5:41  Stargate  
  53  5:51  Forge  
  53  5:56  Pylon  
  53  5:58  Probe  
  53  6:02  Pylon  
  52  6:17  Pylon  
  52  6:23  Twilight Council  
  52  6:27  Immortal, Robotics Facility  
  56  6:34  Stalker  
  56  6:35  Stalker  
  56  6:39  Pylon  
  60  6:46  Oracle (Chrono Boost)  
  63  6:53  Gateway  
  63  6:55  Gateway  
  63  6:58  Gateway  
  63  7:04  Gateway  
  63  7:09  Zealot  
  63  7:12  Probe  
  63  7:13  Probe  
  67  7:16  Oracle (Chrono Boost)  
  67  7:19  Photon Cannon  
  70  7:24  Observer (Chrono Boost), Probe  
  70  7:27  Observer (Chrono Boost)  
  70  7:29  Charge  
  73  7:36  Protoss Ground Armor Level 1 (Chrono Boost)  
  73  7:39  Protoss Ground Weapons Level 2 (Chrono Boost)  
  73  7:53  Probe  
  73  7:59  Immortal (Chrono Boost)  
  73  8:05  Photon Cannon, Robotics Bay  
  77  8:09  Photon Cannon  
  77  8:13  Pylon  
  80  8:27  Immortal (Chrono Boost)  
  80  8:39  Observer (Chrono Boost)  
  81  8:49  Probe  
  81  8:50  Probe  
  83  8:56  Stalker x3  
  83  8:57  Stalker  
  83  8:58  Observer (Chrono Boost)  
  83  9:00  Zealot  
  83  9:01  Observer (Chrono Boost), Probe  
  83  9:02  Probe  
  97  9:14  Probe x2  
  98  9:26  Stalker, Probe x2  
  98  9:27  Stalker x3  
  108  9:49  Zealot  
  110  9:54  Pylon  
  110  9:55  Photon Cannon  
  110  10:12  Colossus (Chrono Boost)  
  116  10:20  Pylon  
  66  10:54  Stalker x2  
  66  10:55  Stalker x3  
Tags
 
Add a new tag
Caveats
  • Supply blocks, unpowered buildings, or Contaminate may cause inaccurate times.
  • Supply counts are checked every 10 seconds.